 Dungeon Crawl Stone Soup version 0.29.1-12-g30fa7ad0bf (webtiles) character file.

Game seed: 1667767579702301830

1557302 FexLirch the Englaciator (level 27, 217/225 HPs)
             Began as a Merfolk Ice Elementalist on Dec 30, 2022.
             Was a High Priest of Lugonu.
             Escaped with the Orb
             ... and 3 runes on Dec 31, 2022!
             The game lasted 07:34:18 (82095 turns).

FexLirch the Englaciator (MfIE)                    Turns: 82095, Time: 07:34:18

Health: 217/225    AC: 11    Str:  5      XL:     27
Magic:  18/32      EV: 14    Int: 30 (31) God:    Lugonu [*****.]
Gold:   3636       SH: 32    Dex: 30      Spells: 2/53 levels left

rFire   + + +      SeeInvis .   U - +7 Singing Sword {vorpal, sonic wave}
rCold   + + +      Faith    .   v - +5 kite shield of Honesty {rF+}
rNeg    + . .      Spirit   .   Z - +0 scale mail of the Salamander {Rampage Fly rC- Will++}
rPois   +          Reflect  +   y - +0 hat "Leruph" {rPois rC+++ Will-}
rElec   +          Harm     .   M - scarf {rC+ rF+}
rCorr   .          Rampage  ∞   n - +0 pair of fencer's gloves {Riposte Dex+3}
Will    +++..                   R - +3 pair of seven-league boots {Rampage+∞}
Stlth   +.........              w - amulet "Duuweuq" {Reflect rElec Dex+4 SH+5}
HPRegen 0.47/turn               F - ring "Rizyro" {rF+ rN+}
MPRegen 0.23/turn               q - ring "Opo Dues" {Int+6 Dex+6}

@: mighty, brilliant, wereblooded, flying, slightly contaminated, hasted,
invisible, very quick
A: (nimble swimmer 2), mertail, large bone plates 1, deterioration 1, low MP 2,
screaming 1, weak 2, subdued magic 1
0: Orb of Zot
}: 3/15 runes: decaying, silver, gossamer
a: Renounce Religion, Depart the Abyss, Bend Space, Banish, Corrupt, Enter the
Abyss


You escaped.
You worshipped Lugonu.
Lugonu was extremely pleased with you.
You visited 11 branches of the dungeon, and saw 51 of its levels.
You visited the Abyss 2 times.
You visited 1 bazaar.
You also visited: Trove and Bailey.

You collected 6987 gold pieces.
You spent 3351 gold pieces at shops.

Inventory:

Hand Weapons
 f - the +4 long sword of Ipnak {vamp, Will+ MP+9 Str+5 Int-4}
   (You found it on level 11 of the Dungeon)

   It occasionally heals its wielder for a portion of the damage dealt when it
   wounds a living foe.
   Str:       It affects your strength (+5).
   Int:       It affects your intelligence (-4).
   MP:        It affects your magic capacity (+9).
   Will:      It increases your willpower.
 z - the +6 long sword "Ufaeluc" {spect, *Noise Drain Str+5 Int+10}
   (You took it off a deep elf annihilator on level 3 of the Elven Halls)

   When its wielder attacks, the weapon's spirit leaps out and strikes again.
   The spirit shares a part of any damage it takes with its wielder.
   Str:       It affects your strength (+5).
   Int:       It affects your intelligence (+10).
   *Noise:    It may make noises in combat.
   Drain:     It drains your maximum health when unequipped.
 U - the +7 Singing Sword (weapon) {vorpal, sonic wave}
   (You took it off a fire giant on level 2 of the Depths)

   It inflicts extra damage upon your enemies.
   It radiates damaging sonic waves as it strikes, especially in combat
   involving dangerous or numerous foes.
Armour
 n - the +0 pair of fencer's gloves (worn) {Riposte Dex+3}
   (You bought it in a shop in a bazaar)

   It allows the wearer to riposte with melee weapons, swiftly retaliating
   against missed or blocked melee attacks.
   Dex:       It affects your dexterity (+3).
 v - the +5 kite shield of Honesty (worn) {rF+}
   (You found it in a treasure trove)

   rF:        It protects you from fire.
 y - the +0 hat "Leruph" (worn) {rPois rC+++ Will-}
   (You found it in a treasure trove)

   rC:        It renders you almost immune to cold.
   rPois:     It protects you from poison.
   Will:      It decreases your willpower.
 M - a scarf of resistance (worn)
 R - the +3 pair of seven-league boots (worn) {Rampage+∞}
   (You bought it in a shop in a bazaar)

   Its wearer moves as far as possible in that direction when moving towards
   enemies.
 Z - the +0 scale mail of the Salamander (worn) {Rampage Fly rC- Will++}
   (You found it in a treasure trove)

   rC:        It makes you vulnerable to cold.
   Fly:       It grants you flight.
   Rampage:   It bestows one free step when moving towards enemies.
   Will:      It greatly increases your willpower.
Jewellery
 p - a ring of poison resistance
 q - the ring "Opo Dues" (right hand) {Int+6 Dex+6}
   (You found it on level 2 of the Dungeon)

   [ring of dexterity]

   Int:       It affects your intelligence (+6).
   Dex:       It affects your dexterity (+6).
 s - a ring of resist corrosion
 u - a ring of see invisible
 w - the amulet "Duuweuq" (around neck) {Reflect rElec Dex+4 SH+5}
   (You acquired it on level 3 of the Vaults)

   [amulet of reflection]

   It reflects blocked missile attacks.
   Dex:       It affects your dexterity (+4).
   rElec:     It insulates you from electricity.
   SH:        It affects your SH (+5).
 D - a ring of protection from fire
 F - the ring "Rizyro" (left hand) {rF+ rN+}
   (You took it off a fire giant on level 2 of the Depths)

   [ring of protection from fire]

   rF:        It protects you from fire.
   rN:        It protects you from negative energy.
 H - a ring of magical power
 Q - a ring of willpower
Wands
 c - a wand of flame (125)
 C - a wand of light (11)
 L - a wand of mindburst (33)
 O - a wand of roots (61)
 T - a wand of charming (46)
 X - a wand of digging (8)
Scrolls
 a - 3 scrolls of enchant armour
 d - 2 scrolls of fear
 h - 3 scrolls of magic mapping
 j - 3 scrolls of silence
 k - 4 scrolls of noise
 l - 9 scrolls of butterflies
 m - 5 scrolls of teleportation
 o - 10 scrolls of immolation
 t - 8 scrolls of amnesia
 E - 7 scrolls of poison
 K - 3 scrolls of torment
 P - 11 scrolls of vulnerability
Potions
 b - 9 potions of magic
 e - 3 potions of might
 g - 4 potions of cancellation
 i - 7 potions of brilliance
 r - 11 potions of curing
 x - 3 potions of haste
 A - 9 potions of lignification
 B - 5 potions of mutation
 I - 4 potions of berserk rage
 J - 2 potions of invisibility
 N - 6 potions of ambrosia
 W - 3 potions of attraction
 Y - 2 potions of resistance
Miscellaneous
 G - a phantom mirror (inert)


   Skills:
 + Level 20.3 Fighting
 * Level 18.3 Long Blades
 - Level 6.6 Staves
 - Level 21.1 Dodging
 - Level 2.1 Stealth
 - Level 17.6 Shields
 + Level 13.5 Spellcasting
 - Level 10.7 Conjurations
 - Level 11.4 Hexes
 - Level 4.2 Necromancy
 - Level 6.3 Translocations
 - Level 18.1 Transmutations
 O Level 27 Ice Magic
 - Level 7.0 Air Magic
 - Level 13.2 Invocations


You had 2 spell levels left.
You knew the following spells:

 Your Spells              Type           Power      Damage    Failure   Level
a - Ozocubu's Refrigerat  Ice            59%        4d20      1%          7
b - Frozen Ramparts       Ice            100%       1d16      0%          3
c - Ozocubu's Armour      Ice            100%       N/A       0%          3
d - Hailstorm             Conj/Ice       100%       3d20      1%          4
e - Freezing Cloud        Conj/Ice/Air   45%        6-21      4%          5
f - Blink                 Tloc           100%       N/A       9%          2
g - Swiftness             Air            64%        N/A       13%         3
h - Irradiate             Conj/Tmut      44%        3d26      6%          5
i - Yara's Violent Unrav  Hex/Tmut       45%        3d18      4%          5
j - Wereblood             Tmut           99%        N/A       1%          2
k - Simulacrum            Ice/Necr       46%        N/A       21%         6
l - Apportation           Tloc           100%       N/A       6%          1
m - Metabolic Englaciati  Hex/Ice        51%        N/A       1%          5

Your spell library contained the following spells:

 Spells                   Type           Power      Damage    Failure   Level
 Freeze                   Ice            100%       1d11      0%          1
 Beastly Appendage        Tmut           100%       N/A       1%          1
 Magic Dart               Conj           100%       1d8       1%          1
 Shock                    Conj/Air       100%       1d9       1%          1
 Slow                     Hex            100%       N/A       1%          1
 Sting                    Tmut/Pois      100%       1d8       1%          1
 Ensorcelled Hibernation  Hex/Ice        100%       N/A       1%          2
 Passwall                 Tmut/Erth      60%        N/A       2%          2
 Foxfire                  Conj/Fire      100%       2x1d9     9%          1
 Necrotise                Necr           100%       1d9       14%         1
 Sublimation of Blood     Necr           52%        N/A       22%         2
 Poisonous Vapours        Pois/Air       94%        N/A       30%         2
 Sandblast                Erth           46%        2d11      65%         1
 Summon Small Mammal      Summ           92%        N/A       65%         1
 Confusing Touch          Hex            80%        N/A       1%          3
 Tukima's Dance           Hex            80%        N/A       1%          3
 Ice Form                 Ice/Tmut       100%       N/A       1%          4
 Blade Hands              Tmut           49%        N/A       1%          5
 Dazzling Flash           Conj/Hex       100%       N/A       2%          3
 Spider Form              Tmut/Pois      72%        N/A       5%          3
 Portal Projectile        Hex/Tloc       100%       N/A       6%          3
 Cause Fear               Hex            40%        N/A       7%          4
 Lesser Beckoning         Tloc           61%        N/A       19%         3
 Ignite Poison            Fire/Tmut/Pois 60%        N/A       21%         3
 Petrify                  Tmut/Erth      72%        N/A       21%         4
 Mephitic Cloud           Conj/Pois/Air  59%        N/A       22%         3
 Inner Flame              Hex/Fire       58%        N/A       24%         3
 Summon Guardian Golem    Hex/Summ       58%        N/A       24%         3
 Iskenderun's Mystic Bla  Conj/Tloc      70%        2d14      26%         4
 Conjure Flame            Conj/Fire      57%        6-21      28%         3
 Stone Arrow              Conj/Erth      100%       3d13      28%         3
 Iskenderun's Battlesphe  Conj           78%        2d13      28%         5
 Anguish                  Hex/Necr       33%        N/A       32%         4
 Dragon Form              Tmut           49%        N/A       38%         7
 Vampiric Draining        Necr           52%        2d9       41%         3
 Airstrike                Air            32%        2d(5-21)  43%         4
 Alistair's Intoxication  Tmut/Pois      48%        N/A       50%         5
 Lightning Bolt           Conj/Air       35%        1d53      52%         5
 Flame Wave               Conj/Fire      57%        2d14      69%         4
 Sticky Flame             Conj/Fire      57%        2d7       69%         4
 Animate Dead             Necr           52%        N/A       83%         4
 Dispel Undead            Necr           52%        3d19      83%         4
 Corpse Rot               Necr/Pois/Air  49%        N/A       88%         4
 Manifold Assault         Tloc           61%        N/A       88%         5
 Summon Lightning Spire   Summ/Air       47%        N/A       91%         4
 Call Canine Familiar     Summ           23%        N/A       95%         3
 Fireball                 Conj/Fire      28%        3d12      96%         5
 Conjure Ball Lightning   Conj/Air       35%        3x3d11    98%         6
 Statue Form              Tmut/Erth      48%        N/A       98%         6
 Agony                    Necr           52%        N/A       99%         5
 Olgreb's Toxic Radiance  Pois           23%        N/A       100%        4
 Lee's Rapid Deconstruct  Erth           11%        3d9*      100%        5
 Death Channel            Necr           26%        N/A       100%        6
 Iron Shot                Conj/Erth      28%        9d6       100%        6
 Starburst                Conj/Fire      28%        6d9       100%        6
 Summon Cactus Giant      Summ           11%        N/A       100%        6
 Enfeeble                 Hex            40%        N/A       100%        7
 Haunt                    Necr/Summ      19%        N/A       100%        7
 Orb of Destruction       Conj           39%        9d11      100%        7
 Spellforged Servitor     Conj/Summ      28%        N/A       100%        7
 Summon Hydra             Summ           11%        N/A       100%        7
 Borgnjor's Revivificati  Necr           26%        N/A       100%        8
 Discord                  Hex            40%        N/A       100%        8
 Disjunction              Tloc           30%        N/A       100%        8
 Ignition                 Fire           11%        3d5       100%        8
 Infestation              Necr           26%        N/A       100%        8
 Necromutation            Tmut/Necr      39%        N/A       100%        8
 Death's Door             Necr           26%        N/A       100%        9
 Dragon's Call            Summ           11%        N/A       100%        9


Dungeon Overview and Level Annotations

Branches:
Dungeon (15/15)            Temple (1/1) D:4            Lair (5/5) D:8
  Swamp (4/4) Lair:2       Spider (4/4) Lair:2        Slime (0/5) Lair:4
    Orc (2/2) D:9             Elf (3/3) Orc:2        Vaults (5/5) D:13
  Crypt (3/3) Vaults:2       Tomb (0/3) Crypt:3      Depths (4/4) D:15
    Zot (5/5) Depths:4     Bailey (visited)

Altars:
Ashenzari
Cheibriados
Dithmenos
Elyvilon
Fedhas
Gozag
Hepliaklqana
Kikubaaqudgha
Makhleb
Nemelex Xobeh
Okawaru
Qazlal
Ru
Sif Muna
Trog
Uskayaw
Vehumet
Wu Jian
Xom
Yredelemnul
Zin
The Shining One
Jiyva

Shops:
D:4 !(**   D:5 *   D:10 :   Orc:2 !!=:   Vaults:3 [   Vaults:4 ?   Depths:4 *

Portals:
Hell: Depths:1 Depths:2 Depths:3 Depths:4
Abyss: D:4 Depths:1 Depths:3 Depths:4
Pandemonium: Depths:2
Ziggurat: Depths:1

Annotations:
D:3 corrupted
D:4 2 transporters, BiteMe's ghost, amateur DgFE
D:5 exclusion: ice beast
Temple 2 transporters
Swamp:1 2 transporters, stebl's ghost, adept DsGl
Spider:4 exclusion: upstairs
Elf:2 3 runed translucent doors
Depths:3 corrupted, Parghit
Zot:2 2 transporters
Zot:4 corrupted
Zot:5 corrupted, 4 exclusions


Innate Abilities, Weirdness & Mutations

((You are very nimble when in or above water. (Stealth+, EV+, Speed+++)))
Your lower body shifts to a powerful aquatic tail in water.
You are partially covered in large bone plates. (SH +4)
Your body sometimes deteriorates upon taking damage.
Your magical capacity is very low. (-20% MP)
You occasionally shout uncontrollably at your foes.
You are very weak. (Str -4)
Your spells are a little easier to cast, but a little less powerful.


Message History

There is a stone staircase leading up here.
You fly upwards.
There is a stone staircase leading down here.
Unknown command.
An Orb Guardian comes into view.
Aiming: Dig
Press: ? - help, Shift-Dir - straight line A rock wall.
This square is covered in magical glow.
The rock shatters into small pieces.
There is a staircase leading out of the dungeon here.
Casting: Blink (safe; 9% risk of failure)
Confirm with . or Enter, or press ? or * to list all spells.
You feel a surge of power!
The heat is drained from your surroundings.
The Orb Guardian is moderately wounded.
Casting: Ozocubu's Refrigeration (mildly dangerous; 1% risk of failure)
Confirm with . or Enter, or press ? or * to list all spells.
You feel a surge of power!
The heat is drained from your surroundings.
The Orb Guardian is severely wounded.
Casting: Ozocubu's Refrigeration (mildly dangerous; 1% risk of failure)
Confirm with . or Enter, or press ? or * to list all spells.
You feel a surge of power!
You miscast Irradiate.
You are very lightly contaminated with residual magic.
Your limbs ache and wobble like jelly.
You block the Orb Guardian's attack.
You riposte.
You barely miss the Orb Guardian.
The Orb Guardian is severely wounded.
Unknown command.
Casting: Irradiate (mildly dangerous; 6% risk of failure)
Confirm with . or Enter, or press ? or * to list all spells.
You feel a surge of power!
You erupt in a fountain of uncontrolled magic!
The Orb Guardian is blasted with magical radiation!!!
You feel a bit better.
You kill the Orb Guardian!
Lugonu accepts your kill.
You are lightly contaminated with residual magic.
You howl as the wereblood boils in your veins!
You have escaped!

##..#.#.#.......#............####
#.##.#.#.......##+#'###.....'...
##'##.#.#.......##.#.# ##....#...
....#.#.##.....###...# #....#...
#÷..#.#.######## ##### #....#...
'...'.#.....########## #######..
#...#########...#....## ### #...#
##...........## #### ....#
##...#..@..#...## #... ....#
##...###...###...######.## †...#
##...## ##### ##.........##
....###...## #...# ##...####...
....##[..######.#.######...###...
.####..#........#........#..##...
...##.##.#..###.#.##...#.##.#....
...##.#..###.#..#.##.###..#.###..
...##.......................# #..


There were no monsters in sight!

Vanquished Creatures
  2 dread liches
  An ancient lich (Crypt:3)
  6 orbs of fire
  Mara (Depths:3)
  Mennas (Crypt:3)
  Sojobo (Crypt:3)
  A Killer Klown (Zot:5)
  Bai Suzhen (Vaults:2)
  3 curse toes
  A shard shrike (Vaults:2)
  A profane servitor (Abyss:2)
  11 golden dragons
  the Enchantress (Depths:3)
  Nikola (Elf:1)
  A bone dragon (Crypt:3)
  Jory (Crypt:1)
  2 electric golems (Zot:5)
  5 liches
  A walking earthen tome (Depths:3)
  A walking crystal tome (Depths:2)
  7 titans (Vaults:5)
  10 tentacled monstrosities
  2 deep elf master archers (Elf:3)
  7 quicksilver dragons
  2 deep elf blademasters (Elf:3)
  22 Orb Guardians
  3 acid blobs (Depths:1)
  2 tentacled starspawn (Abyss:2)
  6 death cobs
  An Executioner (Depths:3)
  3 ancient champions
  9 shadow dragons
  5 sphinxes
  A thorn hunter (Swamp:4)
  8 tengu reavers
  15 storm dragons
  A revenant (Crypt:2)
  13 draconian monks
  6 draconian knights
  11 fire giants
  A fenstrider witch (Swamp:4)
  5 draconian scorchers
  7 emperor scorpions
  6 frost giants
  4 azure jellies (Depths:1)
  3 draconian stormcallers
  3 iron dragons
  20 vault wardens
  A deep elf sorcerer (Elf:3)
  5 ghost moths
  3 orc warlords
  The ghost of mampy3000 the Bludgeoner, a journeyman MiBe of Trog (Lair:4)
  5 spriggan defenders
  2 draconian shifters
  10 ghouls
  24 ironbound preservers
  2 reapers (Depths:1)
  3 deep elf elementalists (Elf:3)
  27 very ugly things
  7 draconian annihilators
  9 quicksilver oozes (Depths:1)
  2 broodmothers
  20 stone giants
  7 war gargoyles
  Nessos (D:13)
  11 black draconians
  10 eleionomae
  7 deep elf annihilators (Elf:3)
  5 deep elf demonologists
  7 ironbound thunderhulks
  10 vampire knights
  13 green draconians
  2 pale draconians (Depths:4)
  7 red draconians
  17 spark wasps
  9 yellow draconians
  15 white draconians
  A minotaur (Lair:3)
  7 entropy weavers
  6 dire elephants
  13 purple draconians
  4 eidola
  2 blizzard demons (Abyss:2)
  5 crystal guardians
  3 bunyips
  8 ettins
  2 shambling mangroves
  10 fire dragons
  14 jiangshi
  7 deep elf death magi
  Josephine (Lair:5)
  16 yaktaur captains
  4 deep elf high priests
  9 great orbs of eyes
  38 vault guards
  4 rakshasas
  A spriggan zombie (Crypt:3)
  An ice dragon (shapeshifter) (Depths:2)
  5 ogre magi
  3 peacekeepers
  31 hydras
  10 spriggan air magi
  15 boulder beetles
  2 ghost crabs (Swamp:4)
  14 ice dragons
  3 jorogumos (Spider:3)
  21 centaur warriors
  11 ironbound frosthearts
  A spriggan skeleton (Crypt:3)
  3 radroaches
  A merfolk avatar (Lair:5)
  17 dancing weapons
  5 death knights
  15 deep troll earth magi
  6 deep troll shamans
  5 tengu warriors
  3 death yaks (Lair:5)
  A hell hog (Abyss:2)
  19 two-headed ogres
  12 alligators
  7 spriggan berserkers
  2 thrashing horrors (Abyss:2)
  5 orc high priests
  9 vampire magi
  A sun demon (Depths:2)
  A titan zombie (Crypt:3)
  A soul eater (Crypt:2)
  12 deep elf knights
  11 hell knights
  Amaemon (Lair:3)
  19 spriggans
  3 wretched stars (Abyss:2)
  4 sun moths
  A bunyip zombie (Crypt:2)
  7 pharaoh ants
  An entropy weaver zombie (Crypt:2)
  2 goliath frogs
  A sixfirhy (Abyss:2)
  An iron troll (shapeshifter) (Vaults:5)
  27 skeletal warriors
  6 flayed ghosts
  7 iron trolls
  4 large abominations
  2 sea snakes (Lair:5)
  5 spriggan druids
  10 orb spiders
  A glowing orange brain (shapeshifter) (Depths:3)
  3 glowing orange brains
  41 deep trolls
  3 bog bodies
  14 phantasmal warriors
  4 steelbarb worms
  5 deep elf archers
  2 golden dragon zombies (Crypt:3)
  7 wizards
  13 swamp dragons
  13 necromancers
  A bunyip skeleton (Abyss:2)
  Pikel (D:8)
  10 orc knights
  2 harpies (Lair:5)
  17 deep elf zephyrmancers
  23 ironbound convokers
  35 deep elf pyromancers
  9 lindwurms
  5 will-o-the-wisps
  8 manticores
  16 wolf spiders
  32 ugly things
  A shining eye (Depths:1)
  A salamander (D:15)
  6 orc sorcerers
  5 cyclopes
  A worldbinder (Abyss:2)
  5 elephants
  A faun (shapeshifter) (Vaults:3)
  Maurice (D:9)
  25 moths of wrath
  Joseph (D:8)
  A black mamba (shapeshifter) (D:13)
  A fire giant skeleton (Crypt:2)
  An elephant (shapeshifter) (Vaults:5)
  4 orange demons
  A smoke demon (Abyss:2)
  A guardian serpent (Abyss:2)
  4 black mambas
  14 vault sentinels
  5 torpor snails
  An apocalypse crab (Abyss:2)
  28 yaktaurs
  Maggie (D:8)
  14 cane toads
  A catoblepas zombie (Crypt:2)
  3 centaur skeletons
  2 demonic crawlers
  An unseen horror (Abyss:2)
  An unseen horror zombie (Crypt:1)
  A tormentor (Abyss:2)
  7 freezing wraiths
  13 komodo dragons
  3 efreet
  Psyche (D:9)
  5 tengu conjurers
  5 kobold demonologists
  8 rime drakes
  An ice devil (Abyss:2)
  A mana viper zombie (Crypt:1)
  A yaktaur skeleton (Vaults:5)
  4 polar bears
  An alligator snapping turtle skeleton (Crypt:2)
  8 trolls
  An ancient zyme (Abyss:2)
  15 meliai
  A bloated husk (Swamp:1)
  A queen bee (Spider:3)
  8 tyrant leeches
  2 harpy skeletons (Crypt:3)
  18 tarantellas
  20 hornets
  A wind drake (shapeshifter) (D:15)
  An ettin zombie (Crypt:1)
  12 raiju (Abyss:2)
  Prince Ribbit (D:9)
  18 blink frogs
  11 dream sheep
  A hydra skeleton (Crypt:1)
  24 slime creatures
  A snapping turtle (Lair:5)
  A great orb of eyes zombie (Crypt:1)
  18 culicivoras
  10 jumping spiders
  A stone giant simulacrum (Vaults:3)
  A culicivora (shapeshifter) (D:13)
  9 water elementals
  A black mamba skeleton (Crypt:3)
  50 flying skulls
  An air elemental (Elf:1)
  10 wraiths
  A centaur simulacrum (D:13)
  2 ynoxinuls (Abyss:2)
  29 yaks
  A human (shapeshifter) (Vaults:3)
  A wind drake skeleton (Crypt:1)
  4 fire bats (Abyss:2)
  8 wyverns
  A fire elemental (Elf:2)
  A hog (shapeshifter) (D:14)
  A chaos spawn (Abyss:2)
  68 redbacks
  2 golden eyes (Depths:1)
  3 basilisks
  4 neqoxecs (Abyss:2)
  6 steam dragons
  8 vampire mosquitoes
  20 wargs
  Menkaure (D:6)
  22 swamp worms
  Duvessa (D:6)
  Edmund (D:5)
  A swamp worm (shapeshifter) (Vaults:5)
  3 acid dragons
  14 water moccasins
  63 orc warriors
  9 swamp drakes (Swamp:4)
  A black bear (shapeshifter) (D:13)
  4 sky beasts
  An ice beast (D:5)
  2 black bears
  2 human zombies (Vaults:3)
  An ogre (shapeshifter) (Abyss:2)
  11 wolves
  12 centaurs
  4 boggarts (Vaults:2)
  23 ogres
  12 small abominations (Abyss:2)
  2 lemures (D:8)
  3 phantoms (D:9)
  A dream sheep skeleton (Crypt:2)
  8 kobold brigands
  9 bullfrogs
  An ogre simulacrum (Vaults:3)
  13 necrophages
  11 gnoll sergeants
  10 scorpions
  3 earth elementals
  20 wights
  Dowan (D:6)
  28 killer bees
  A troll zombie (D:9)
  A queen bee zombie (Crypt:2)
  A troll skeleton (Crypt:1)
  11 electric eels
  A shapeshifter skeleton (Crypt:2)
  3 howler monkeys (D:11)
  9 starcursed masses (Abyss:2)
  A crimson imp (Abyss:2)
  2 jellies
  4 gnoll boudas (D:11)
  5 hounds
  32 orc priests
  An iron imp (Abyss:2)
  4 iguanas
  Ijyb (D:4)
  Natasha (thrice) (D:3)
  15 orc wizards
  4 hell rats (Lair:4)
  6 ogre zombies
  18 gnolls
  5 adders
  A white imp (D:8)
  7 ufetubi
  6 worms
  3 dart slugs
  120 orcs
  8 ball pythons
  A bat (D:2)
  A bat zombie (Crypt:1)
  11 endoplasms
  4 giant cockroaches
  9 hobgoblins
  6 jackals
  33 kobolds
  4 quokkas
  4 frilled lizards
  13 goblins
  2 goblin skeletons (D:9)
  2 hobgoblin skeletons (D:9)
  4 hobgoblin zombies (D:9)
  A kobold zombie (Crypt:1)
  11 orc zombies (D:9)
  5 rats
  2 briar patches (Swamp:4)
  3 bushes (Depths:1)
  2 butterflies (Lair:4)
  3 starspawn tentacles (Abyss:2)
2522 creatures vanquished.

Vanquished Creatures (collateral kills)
  3 Orb Guardians (Zot:5)
  2 titans (Vaults:5)
  A tengu reaver (Vaults:5)
  A fire giant (Vaults:5)
  A vault warden (Vaults:5)
  A frost giant (D:13)
  A draconian shifter (Zot:4)
  An ironbound preserver (Vaults:5)
  A war gargoyle (Vaults:5)
  A very ugly thing (Depths:2)
  A stone giant (Depths:3)
  A yellow draconian (Zot:4)
  A white draconian (Zot:4)
  An ettin (Vaults:5)
  A yaktaur captain (Vaults:5)
  A rakshasa (Depths:2)
  3 vault guards (Vaults:5)
  A spriggan air mage (Depths:2)
  A sun moth (Spider:3)
  A deep troll (Vaults:5)
  A vault sentinel (Vaults:5)
  A human zombie (Vaults:5)
  A demonic crawler (Spider:3)
  A yaktaur (Vaults:5)
  A freezing wraith (D:13)
  2 tarantellas (Spider:3)
  A jumping spider (Spider:3)
  A floating eye (Depths:1)
  A human skeleton (Vaults:5)
  3 orc priests (Orc:2)
38 creatures vanquished.

Vanquished Creatures (others)
  4 orbs of fire (Zot:5)
  A dread lich (Zot:5)
  Vv (Depths:3)
  A Killer Klown (Zot:5)
  2 Orb Guardians (Zot:5)
  A tentacled monstrosity (Zot:5)
  A storm dragon (Zot:5)
  A fire giant (shapeshifter) (Depths:3)
  3 draconian scorchers (Zot:4)
  A draconian shifter (Zot:3)
  A stone giant (Depths:3)
  2 yellow draconians
  A white draconian (Zot:2)
  A purple draconian (Zot:4)
  The ghost of Radix the Geomancer, a journeyman GnWn of Vehumet (Lair:3)
  A deep troll shaman (Depths:3)
  A deep elf pyromancer (Elf:2)
  A harpy skeleton (Abyss:2)
  2 raiju (Abyss:2)
  A jumping spider (Spider:2)
  A shadow (D:12)
  3 large abominations (Abyss:2)
  2 floating eyes
  An orc warrior (Orc:2)
  5 small abominations (Abyss:2)
  A briar patch (Swamp:4)
  8 bushes (Depths:1)
  A demonic plant (D:1)
  24 foxfires
  24 fungi
  A lurking horror (Abyss:2)
  115 plants
  30 starspawn tentacles
244 creatures vanquished.

Grand Total: 2804 creatures vanquished

Notes
Turn   | Place    | Note
-------+----------+-------------------------------------------
     0 | D:1      | FexLirch the Merfolk Ice Elementalist began the quest for
                  | the Orb.
     0 | D:1      | Reached XP level 1. HP: 13/13 MP: 3/3
   301 | D:1      | Reached XP level 2. HP: 19/19 MP: 0/5
   996 | D:1      | Reached XP level 3. HP: 24/24 MP: 1/6
  1103 | D:1      | Found a faded altar of an unknown god.
  1562 | D:2      | Reached skill level 5 in Ice Magic
  1601 | D:2      | Learned a level 3 spell: Frozen Ramparts
  1605 | D:2      | Learned a level 3 spell: Ozocubu's Armour
  2239 | D:2      | Reached XP level 4. HP: 29/30 MP: 4/8
  2525 | D:2      | Identified the ring "Opo Dues" {Int+6 Dex+6}
  2966 | D:3      | Found a burning altar of Makhleb.
  3171 | D:3      | Found a snail-covered altar of Cheibriados.
  3565 | D:3      | Reached skill level 6 in Ice Magic
  3607 | D:3      | Noticed Natasha
  3612 | D:3      | Killed Natasha
  3613 | D:3      | Reached XP level 5. HP: 35/35 MP: 2/9
  3643 | D:3      | Noticed Natasha
  3653 | D:3      | Killed Natasha
  3870 | D:3      | You fall into a shaft and drop 2 floors!
  3870 | D:5      | Entered Level 5 of the Dungeon
  3984 | D:4      | Reached skill level 7 in Ice Magic
  4052 | D:4      | Found a staircase to the Ecumenical Temple.
  4058 | Temple   | Entered the Ecumenical Temple
  4058 | Temple   | Found a transporter.
  4058 | Temple   | Found a transporter.
  4060 | Temple   | Found a transporter.
  4060 | Temple   | Found a transporter.
  4082 | Temple   | Became a worshipper of Qazlal Stormbringer
  4128 | D:4      | Reached XP level 6. HP: 41/41 MP: 5/10
  4183 | D:4      | Found Obbysotz's Weapon Boutique.
  4184 | D:4      | Found a transporter.
  4184 | D:4      | Found Uclaa's Assorted Antiques.
  4306 | D:4      | Found Okoset's General Store.
  4309 | D:4      | Identified the +7 spear of Ugron {elec, rPois Dex+4}
  4313 | D:4      | Bought a +1 robe of willpower for 177 gold pieces
  4410 | D:4      | Found a transporter.
  4438 | D:4      | Noticed a small abomination
  4441 | D:4      | Found a one-way gate to the infinite horrors of the Abyss.
  4447 | D:4      | Noticed a small abomination
  4447 | D:4      | Noticed BiteMe's ghost (amateur DgFE)
  4496 | D:3      | Noticed Natasha
  4506 | D:3      | Killed Natasha
  4725 | D:5      | Found Ethrek's Assorted Antiques.
  4763 | D:5      | Reached skill level 1 in Fighting
  4872 | D:5      | Reached skill level 8 in Ice Magic
  4872 | D:5      | Reached XP level 7. HP: 48/48 MP: 4/12
  4999 | D:5      | Reached * piety under Qazlal
  5145 | D:4      | Noticed Ijyb
  5151 | D:4      | Killed Ijyb
  5213 | D:4      | Found Hejucus's Distillery.
  5218 | D:4      | Bought a potion of haste for 100 gold pieces
  5285 | D:4      | Learned a level 4 spell: Hailstorm
  5307 | D:4      | Reached skill level 1 in Invocations
  5307 | D:4      | Reached XP level 8. HP: 52/57 MP: 2/13
  5867 | D:6      | Noticed Duvessa
  5867 | D:6      | Noticed Dowan
  5905 | D:6      | Noticed Edmund
  5919 | D:5      | Killed Edmund
  5922 | D:5      | Reached skill level 9 in Ice Magic
  6016 | D:6      | Identified the +1 pair of gloves "Wielehat" {Harm rF+}
  6206 | D:6      | Reached skill level 5 in Dodging
  6206 | D:6      | Killed Dowan
  6215 | D:6      | Reached skill level 1 in Conjurations
  6269 | D:6      | Killed Duvessa
  6491 | D:6      | Reached XP level 9. HP: 63/63 MP: 8/15
  6515 | D:6      | Noticed Menkaure
  6735 | D:6      | Killed Menkaure
  6817 | D:6      | Reached skill level 10 in Ice Magic
  7182 | D:7      | Reached skill level 5 in Spellcasting
  7293 | D:7      | Reached ** piety under Qazlal
  7446 | D:7      | Found a flagged portal.
  7505 | Bailey   | Entered a bailey
  7960 | Bailey   | Reached skill level 11 in Ice Magic
  7978 | Bailey   | Reached XP level 10. HP: 63/70 MP: 14/18
  8162 | D:7      | Learned a level 5 spell: Freezing Cloud
  8169 | D:7      | Reached skill level 5 in Invocations
  8929 | D:7      | Reached skill level 1 in Air Magic
  9036 | D:8      | Noticed Pikel
  9179 | D:8      | Noticed Joseph
  9187 | D:8      | Killed Joseph
  9349 | D:8      | Reached *** piety under Qazlal
  9495 | D:8      | Found a staircase to the Lair.
  9826 | D:8      | Noticed Maggie
  9893 | D:8      | Killed Maggie
  9973 | D:8      | Killed Pikel
  9974 | D:8      | Reached skill level 12 in Ice Magic
  9974 | D:8      | Reached XP level 11. HP: 64/75 MP: 7/20
 10539 | D:9      | Noticed Prince Ribbit
 10546 | D:9      | Killed Prince Ribbit
 10806 | D:9      | Noticed Psyche
 10810 | D:9      | Noticed Maurice
 10830 | D:9      | Reached **** piety under Qazlal
 10851 | D:9      | Killed Psyche
 10869 | D:9      | Killed Maurice
 11037 | D:9      | Found a staircase to the Orcish Mines.
 11804 | D:9      | Found a hazy altar of Hepliaklqana.
 11986 | D:10     | Entered Level 10 of the Dungeon
 12059 | D:10     | Reached ***** piety under Qazlal
 12148 | D:10     | Found Vow Wovo's Self-Improvement Boutique.
 12157 | D:10     | Identified the +1 rapier of the Lumpy Lovers {pain, rC+
                  | Str+5}
 12329 | D:10     | Reached skill level 13 in Ice Magic
 12389 | D:10     | Reached skill level 5 in Fighting
 12769 | D:11     | Noticed a manticore
 12780 | D:11     | Killed a manticore
 12781 | D:11     | Reached skill level 5 in Conjurations
 12792 | D:11     | Noticed a brown ugly thing
 12795 | D:11     | Killed a brown ugly thing
 12796 | D:11     | Reached XP level 12. HP: 86/86 MP: 9/22
 12814 | D:11     | Noticed a four-headed hydra
 12818 | D:11     | Killed a four-headed hydra
 12956 | D:11     | Identified the +8 battleaxe "Gezidaf" {vorpal, rF+}
 12973 | D:11     | Noticed a two-headed ogre
 12991 | D:11     | Killed a two-headed ogre
 12994 | D:11     | Noticed a two-headed ogre
 12998 | D:11     | Noticed a two-headed ogre
 12999 | D:11     | Killed a two-headed ogre
 13015 | D:11     | Killed a two-headed ogre
 13017 | D:11     | Noticed an ogre mage
 13142 | D:11     | Paralysed by an ogre mage for 5 turns
 13146 | D:11     | Noticed a two-headed ogre
 13149 | D:10     | Killed an ogre mage
 13211 | D:11     | Killed a two-headed ogre
 13212 | D:11     | Reached skill level 10 in Dodging
 13326 | D:11     | Noticed a boulder beetle
 13334 | D:11     | Killed a boulder beetle
 13602 | D:11     | Reached skill level 1 in Shields
 13795 | D:11     | Noticed a two-headed ogre
 13829 | D:11     | Killed a two-headed ogre
 14010 | D:11     | Noticed a two-headed ogre
 14014 | D:11     | Killed a two-headed ogre
 14015 | D:11     | Reached skill level 14 in Ice Magic
 14181 | D:11     | Identified the +4 long sword of Ipnak {vamp, Will+ MP+9
                  | Str+5 Int-4}
 14239 | D:12     | Noticed a boulder beetle
 14249 | D:12     | Killed a boulder beetle
 14250 | D:12     | Reached XP level 13. HP: 94/94 MP: 3/24
 15221 | D:13     | Noticed a frost giant
 15322 | D:12     | Reached ****** piety under Qazlal
 15531 | D:12     | Reached skill level 5 in Air Magic
 16015 | D:13     | Killed a frost giant
 16178 | D:13     | Reached skill level 5 in Shields
 16320 | D:13     | Found a gate to the Vaults.
 16346 | D:13     | Noticed Nessos
 16356 | D:13     | Killed Nessos
 16774 | D:13     | Learned a level 2 spell: Blink
 17187 | D:14     | Reached skill level 15 in Ice Magic
 17187 | D:14     | Reached XP level 14. HP: 95/103 MP: 17/26
 17983 | D:14     | Learned a level 6 spell: Simulacrum
 18693 | D:15     | Entered Level 15 of the Dungeon
 18921 | Lair:1   | Entered Level 1 of the Lair of Beasts
 19490 | Lair:1   | Learned a level 5 spell: Irradiate
 20126 | Lair:2   | Reached skill level 1 in Transmutations
 20368 | Lair:2   | Reached skill level 1 in Necromancy
 20663 | Lair:2   | Reached XP level 15. HP: 112/112 MP: 22/27
 20747 | Lair:2   | Found a staircase to the Swamp.
 20896 | Lair:2   | Reached skill level 16 in Ice Magic
 21012 | Lair:2   | Identified the +3 buckler of True Grit {rF- rC+ Dex+2}
 21053 | Lair:2   | Found a transporter.
 21070 | Lair:2   | Found a hole to the Spider Nest.
 21146 | Lair:2   | Found a transporter.
 21165 | Lair:2   | Identified a scroll of acquirement
 21166 | Lair:2   | Acquired the +7 Kryia's mail coat {PotionHeal*2 rC+}
 21166 | Lair:2   | Found the +7 Kryia's mail coat {PotionHeal*2 rC+}
 21376 | Lair:2   | Identified the +0 hat "Uthrirrent" {-Cast rN+ Regen+ Dex+7}
 21614 | Lair:3   | Found a runed translucent gate.
 21614 | Lair:3   | Noticed Radix's ghost (journeyman GnWn)
 21615 | Lair:3   | Found a runed translucent gate.
 21616 | Lair:3   | Found a runed translucent gate.
 21658 | Lair:3   | Noticed Amaemon
 21662 | Lair:3   | Killed Amaemon
 22441 | Lair:3   | Killed Radix's ghost
 22657 | Lair:4   | Found a runed translucent door.
 22657 | Lair:4   | Found a shimmering altar of Xom.
 22657 | Lair:4   | Identified the +5 dire flail of the Crypt {chaos, rC+}
 22659 | Lair:4   | Noticed mampy3000's ghost (journeyman MiBe)
 22837 | Lair:4   | Found a gate leading to a gauntlet.
 23109 | Lair:4   | Found a viscous altar of Jiyva.
 23109 | Lair:4   | Found a staircase to the Slime Pits.
 23692 | Lair:4   | Killed mampy3000's ghost
 23879 | Lair:5   | Entered Level 5 of the Lair of Beasts
 23883 | Lair:5   | Noticed Josephine
 23889 | Lair:5   | Reached skill level 5 in Transmutations
 23889 | Lair:5   | Killed Josephine
 25033 | Orc:1    | Entered Level 1 of the Orcish Mines
 25044 | Orc:1    | Reached XP level 16. HP: 106/122 MP: 10/28
 25624 | Orc:2    | Entered Level 2 of the Orcish Mines
 25990 | Orc:2    | Reached skill level 10 in Fighting
 25998 | Orc:2    | Found Xelewosu's Distillery.
 26011 | Orc:2    | Bought a potion of cancellation for 104 gold pieces
 26021 | Orc:2    | Found Keevuoth's Distillery.
 26043 | Orc:2    | Learned a level 3 spell: Swiftness
 26256 | Orc:2    | Reached skill level 1 in Staves
 26908 | Orc:2    | Found Jomeis's Jewellery Shoppe.
 27054 | Orc:2    | Found Esiwugun's Book Shop.
 27362 | Orc:2    | Found a staircase to the Elven Halls.
 28124 | Swamp:1  | Entered Level 1 of the Swamp
 28386 | Swamp:1  | Noticed stebl's ghost (adept DsGl)
 28388 | Swamp:1  | Found a transporter.
 28687 | D:10     | Bought a manual of Shields for 880 gold pieces
 28687 | D:10     | Bought a manual of Fighting for 880 gold pieces
 28899 | Swamp:1  | Found a transporter.
 29112 | Swamp:2  | Reached skill level 17 in Ice Magic
 29243 | Swamp:2  | You are sucked into a shaft and drop 1 floor!
 29526 | Swamp:3  | Reached skill level 10 in Shields
 29794 | Swamp:3  | Reached XP level 17. HP: 131/131 MP: 17/29
 30204 | Swamp:3  | Identified the +6 scale mail "Isicut" {Harm rN+}
 31075 | Swamp:4  | Entered Level 4 of the Swamp
 31659 | Swamp:4  | Reached skill level 15 in Dodging
 32542 | Swamp:4  | Got a decaying rune of Zot
 32693 | Spider:1 | Entered Level 1 of the Spider Nest
 32859 | Lair:2   | Reached skill level 10 in Invocations
 32868 | Lair:2   | Reached XP level 18. HP: 90/142 MP: 1/30
 33035 | Spider:1 | Reached skill level 10 in Transmutations
 33040 | Lair:2   | Reached skill level 5 in Staves
 33550 | Spider:2 | Learned a level 5 spell: Yara's Violent Unravelling
 33553 | Spider:2 | Learned a level 2 spell: Wereblood
 33828 | Spider:2 | Reached skill level 1 in Hexes
 34139 | Spider:2 | Got the Incunabulum of the World
 34478 | Spider:2 | Got the Codex of Attacks
 34858 | Spider:2 | Identified the +0 hat of Quiet Fog {Fly rF+ Slay+3}
 35690 | Spider:3 | Reached skill level 10 in Conjurations
 36207 | Spider:4 | Entered Level 4 of the Spider Nest
 36721 | Spider:4 | Reached XP level 19. HP: 146/152 MP: 25/31
 37015 | Spider:4 | Identified the +4 hat of the Mango {Int+5}
 37057 | Spider:4 | Got a gossamer rune of Zot
 37613 | Spider:4 | Identified the +6 rapier of Apeusuphy {freeze, Will+ Str+4
                  | Dex-2}
 37824 | Elf:1    | Entered Level 1 of the Elven Halls
 37859 | Abyss:2  | Cast into level 2 of the Abyss (a deep elf demonologist)
 37919 | Abyss:2  | Found a corrupted altar of Lugonu.
 38030 | Abyss:2  | Noticed a bone dragon
 38142 | Abyss:2  | Noticed a bone dragon
 38856 | Abyss:2  | Gained mutation: You occasionally shout uncontrollably at
                  | your foes. [mutagenic glow]
 39935 | Abyss:2  | Noticed a profane servitor
 39949 | Abyss:2  | Killed a profane servitor
 39953 | Abyss:2  | Noticed a bone dragon
 39987 | Abyss:2  | Noticed a tentacled monstrosity
 39999 | Abyss:2  | Noticed a bone dragon
 40162 | Abyss:3  | Found a corrupted altar of Lugonu.
 40165 | Abyss:3  | Fell from the grace of Qazlal
 40165 | Abyss:3  | Became a worshipper of Lugonu the Unformed
 40165 | Abyss:3  | Reached * piety under Lugonu
 40166 | Elf:1    | Escaped the Abyss
 40171 | Orc:2    | Lost mutation: You occasionally shout uncontrollably at
                  | your foes. [potion of mutation]
 40171 | Orc:2    | Gained mutation: You are partially covered in large bone
                  | plates. (SH +4) [potion of mutation]
 40171 | Orc:2    | Gained mutation: Your magical capacity is low. (-10% MP)
                  | [potion of mutation]
 40171 | Orc:2    | Gained mutation: Your mind is acute. (Int +4, Str/Dex -1)
                  | [potion of mutation]
 40172 | Orc:2    | Lost mutation: Your magical capacity is low. (-10% MP)
                  | [potion of mutation]
 40172 | Orc:2    | Lost mutation: You are partially covered in large bone
                  | plates. (SH +4) [potion of mutation]
 40172 | Orc:2    | Lost mutation: Your mind is acute. (Int +4, Str/Dex -1)
                  | [potion of mutation]
 40172 | Orc:2    | Gained mutation: You sometimes lose your temper in combat.
                  | [potion of mutation]
 40172 | Orc:2    | Gained mutation: You have an increased reservoir of magic.
                  | (+10% MP) [potion of mutation]
 40173 | Orc:2    | Lost mutation: You sometimes lose your temper in combat.
                  | [potion of mutation]
 40173 | Orc:2    | Lost mutation: You have an increased reservoir of magic.
                  | (+10% MP) [potion of mutation]
 40173 | Orc:2    | Gained mutation: You occasionally shout uncontrollably at
                  | your foes. [potion of mutation]
 40173 | Orc:2    | Gained mutation: You are partially covered in large bone
                  | plates. (SH +4) [potion of mutation]
 40352 | Vaults:1 | Entered Level 1 of the Vaults
 40486 | Vaults:1 | Reached skill level 15 in Fighting
 40664 | Vaults:1 | Reached skill level 1 in Long Blades
 41175 | Vaults:1 | Found a flickering gateway to a bazaar.
 41190 | Bazaar   | Entered a bazaar
 41190 | Bazaar   | Found Ewkeg's Antique Weapon Shop.
 41190 | Bazaar   | Found Myuxew's General Store.
 41228 | Bazaar   | Found Febeapt's Antique Armour Shop.
 41262 | Bazaar   | Bought the +0 pair of fencer's gloves {Riposte Dex+3} for
                  | 840 gold pieces
 41262 | Bazaar   | Found the +0 pair of fencer's gloves {Riposte Dex+3}
 41276 | Bazaar   | Bought the +3 pair of seven-league boots {Rampage+∞} for
                  | 280 gold pieces
 41276 | Bazaar   | Found the +3 pair of seven-league boots {Rampage+∞}
 41895 | Vaults:1 | Identified the +6 triple crossbow "Zazuc" {venom, rElec
                  | rPois rF- MP+9}
 41938 | Vaults:1 | Reached skill level 5 in Hexes
 42050 | Vaults:1 | Identified the +3 flail "Hoghosch" {venom, rF+ Int+6 Dex-5}
 42060 | Vaults:1 | Reached XP level 20. HP: 162/162 MP: 23/33
 42080 | Vaults:1 | Reached ** piety under Lugonu
 42868 | Vaults:2 | Reached *** piety under Lugonu
 42869 | Vaults:2 | Reached skill level 5 in Long Blades
 43032 | Vaults:2 | Found a staircase to the Crypt.
 43114 | Vaults:2 | Noticed a shard shrike
 43117 | Vaults:2 | Killed a shard shrike
 44054 | Vaults:2 | Noticed Bai Suzhen
 44072 | Vaults:2 | Killed Bai Suzhen
 44644 | Vaults:2 | Was forgiven by Qazlal
 44891 | Vaults:3 | Reached **** piety under Lugonu
 44994 | Vaults:3 | Acquired the amulet "Duuweuq" {Reflect rElec Dex+4 SH+5}
 45310 | Vaults:3 | Reached skill level 15 in Shields
 45622 | Vaults:3 | Reached XP level 21. HP: 172/172 MP: 32/34
 45738 | Vaults:3 | Reached ***** piety under Lugonu
 45739 | Vaults:3 | Reached skill level 10 in Spellcasting
 45920 | Vaults:3 | Found Qabluc's Armour Boutique.
 45952 | Vaults:3 | You are sucked into a shaft and drop 1 floor!
 46118 | Vaults:4 | Learned a level 7 spell: Ozocubu's Refrigeration
 46285 | Vaults:4 | Found Ukucwemm's Magic Scroll Boutique.
 46306 | Vaults:4 | Bought a scroll of magic mapping for 90 gold pieces
 47211 | Vaults:5 | Entered Level 5 of the Vaults
 48231 | Elf:1    | Reached skill level 10 in Long Blades
 48366 | Elf:1    | Noticed Nikola
 48380 | Elf:1    | Killed Nikola
 48385 | Elf:1    | Got the Compendium of the Escort
 49076 | Elf:2    | Found a portal to a secret trove of treasure.
 49678 | Elf:2    | Reached ****** piety under Lugonu
 50543 | Elf:2    | You paid a toll of +3 ice dragon scales to enter a treasure
                  | trove
 50544 | Trove    | Entered a treasure trove
 50546 | Trove    | Found the +8 orange crystal plate armour {Archmagi, Int+3
                  | Clar}
 50553 | Trove    | Identified the +0 robe of the Garden {Rampage}
 50554 | Trove    | Identified the +6 leather armour "Cihuin" {rPois}
 50556 | Trove    | Identified the +0 helmet of Inviolability {rC+ Dex+2}
 50557 | Trove    | Identified the +7 chain mail of the Ladybird {+Inv rElec
                  | SInv}
 50558 | Trove    | Identified the +5 kite shield of Honesty {rF+}
 50567 | Trove    | Identified the +0 pair of boots of Eternal Night {Harm
                  | Will- Int+7 Dex-3}
 50568 | Trove    | Identified the +0 hat "Leruph" {rPois rC+++ Will-}
 50571 | Trove    | Identified the +0 scale mail of the Salamander {Rampage Fly
                  | rC- Will++}
 50575 | Trove    | Identified the +1 pair of boots of Ennui {Rampage rPois
                  | Str+3 Int-3}
 50857 | Elf:2    | Found a runed translucent gate.
 50858 | Elf:2    | Found a runed translucent gate.
 50858 | Elf:2    | Found a runed translucent gate.
 50911 | Elf:3    | Entered Level 3 of the Elven Halls
 51031 | Elf:3    | Reached XP level 22. HP: 183/183 MP: 32/36
 51493 | Elf:3    | Identified the +5 ring mail of the Constellations {Rampage
                  | MP+9}
 52037 | Elf:3    | Identified the +6 long sword "Ufaeluc" {spect, *Noise Drain
                  | Str+5 Int+10}
 52075 | Elf:3    | Identified the +8 war axe of Trial by Ordeal {venom, Contam
                  | Fly rN+ Int+7}
 52075 | Elf:3    | Identified the +0 leather armour of Baete {Str+6}
 52376 | Elf:3    | Identified the +10 spear of Peace {drain, rN+ rCorr Dex-4}
 52381 | Elf:3    | Identified the +1 pair of boots of the Ego {Str+5}
 52391 | Elf:3    | Identified the +14 crystal plate armour of the Hart {Str+3
                  | Int+3}
 52394 | Elf:3    | Identified the +1 quarterstaff of Usoic {venom, rElec rC+}
 52852 | Crypt:1  | Entered Level 1 of the Crypt
 52944 | Crypt:1  | Gained mutation: Your magical capacity is low. (-10% MP)
                  | [mutagenic glow]
 53487 | Crypt:1  | Reached skill level 15 in Transmutations
 53985 | Crypt:1  | Noticed Jory
 54486 | Crypt:1  | Killed Jory
 55101 | Crypt:1  | Reached skill level 18 in Ice Magic
 56463 | Crypt:3  | Entered Level 3 of the Crypt
 56470 | Crypt:3  | Reached XP level 23. HP: 192/192 MP: 20/34
 56932 | Crypt:2  | Found an ancient bone altar of Kikubaaqudgha.
 57139 | Crypt:3  | Noticed Sojobo
 57291 | Crypt:3  | Paralysed by an air elemental for 1 turns
 57296 | Crypt:3  | Killed Sojobo
 57481 | Crypt:3  | Noticed Mennas
 57513 | Crypt:3  | Killed Mennas
 58499 | Crypt:3  | Found a staircase to the Tomb.
 58876 | Crypt:3  | Noticed an ancient lich
 58889 | Crypt:3  | Killed an ancient lich
 58900 | Crypt:3  | Found an ancient bone altar of Kikubaaqudgha.
 58914 | Crypt:3  | Identified the +10 war axe of World Downfall {speed, Int+5
                  | Stlth+}
 59421 | Vaults:5 | Found the +3 Elemental Staff {rElec rF++ rC++ AC+5}
 59526 | Vaults:5 | Reached skill level 10 in Hexes
 59668 | Vaults:5 | HP: 8/192 [titan (31)]
 60275 | Vaults:5 | Got the Almanac of Solid Pollution
 60280 | Vaults:5 | Got the Opusculum on Outbursts
 60302 | Vaults:5 | Learned a level 6 spell: Simulacrum
 60345 | Vaults:5 | Reached XP level 24. HP: 158/196 MP: 12/35
 60566 | Vaults:5 | Identified the +8 chain mail "Gemi" {Harm}
 60576 | Vaults:5 | Noticed a dread lich
 60587 | Vaults:5 | Killed a dread lich
 60635 | Vaults:5 | Reached skill level 15 in Long Blades
 60999 | Vaults:5 | Identified the +8 war axe of Corporal Punishment {vorpal,
                  | Fly rC+ Str-3 Dex+3}
 61267 | Vaults:5 | Got a silver rune of Zot
 62327 | Vaults:5 | Identified the +1 chain mail "Onoc" {Int+6}
 63502 | D:15     | Found a staircase to the Depths.
 63566 | Depths:1 | Entered Level 1 of the Depths
 63617 | Depths:1 | Found a gateway to Hell.
 63823 | Depths:1 | Found a one-way gateway to a ziggurat.
 63940 | Depths:1 | Reached skill level 19 in Ice Magic
 64223 | Depths:1 | Reached XP level 25. HP: 208/208 MP: 22/35
 65325 | Depths:1 | Paralysed by a floating eye for 2 turns
 66294 | Depths:2 | Identified the ring "Rizyro" {rF+ rN+}
 66577 | Depths:2 | Identified the +8 arbalest of the Devouring Firefly {venom,
                  | rF- rCorr Int+8}
 67004 | Depths:2 | Found a basalt altar of Yredelemnul.
 67005 | Depths:2 | Found a burning altar of Makhleb.
 67005 | Depths:2 | Found a snail-covered altar of Cheibriados.
 67005 | Depths:2 | Found a snail-covered altar of Cheibriados.
 67244 | Depths:2 | Learned a level 1 spell: Apportation
 67500 | Depths:2 | Found a one-way gate leading to the halls of Pandemonium.
 68063 | Depths:3 | Noticed Vv
 68070 | Depths:3 | Corrupted Depths:3
 68089 | Depths:3 | Killed Vv
 68432 | Depths:3 | Reached skill level 1 in Translocations
 68642 | Depths:3 | Noticed Parghit
 69239 | Depths:3 | Noticed the Enchantress
 69253 | Depths:3 | Killed the Enchantress
 69382 | Depths:3 | Noticed Mara
 69392 | Depths:3 | Killed Mara
 69393 | Depths:3 | Reached XP level 26. HP: 185/218 MP: 1/36
 69757 | Depths:3 | Reached skill level 20 in Ice Magic
 70100 | Depths:4 | Entered Level 4 of the Depths
 70115 | Depths:4 | Learned a level 5 spell: Metabolic Englaciation
 71006 | Depths:4 | Found Mehuafo's Neck Hole.
 71225 | Depths:4 | Reached skill level 5 in Translocations
 71367 | Depths:4 | Found a gate to the Realm of Zot.
 71840 | Zot:1    | Entered Level 1 of the Realm of Zot
 72494 | Zot:1    | Reached skill level 21 in Ice Magic
 73689 | Zot:2    | Reached skill level 22 in Ice Magic
 74876 | Zot:2    | Found a transporter.
 74908 | Zot:2    | Reached skill level 23 in Ice Magic
 75040 | Zot:2    | Found a transporter.
 75043 | Zot:2    | Found a transporter.
 75081 | Zot:2    | Reached XP level 27. HP: 220/224 MP: 36/36
 75124 | Zot:2    | Found a transporter.
 75907 | Zot:3    | You are sucked into a shaft and drop 1 floor!
 75912 | Zot:4    | Corrupted Zot:4
 76779 | Zot:4    | Reached skill level 24 in Ice Magic
 78191 | Zot:4    | Reached skill level 25 in Ice Magic
 78552 | Zot:4    | Noticed an orb of fire
 78555 | Zot:4    | Gained mutation: Your magical capacity is very low. (-20%
                  | MP) [an orb of fire]
 78556 | Zot:4    | Gained mutation: You are dopey. (Int -2) [an orb of fire]
 78556 | Zot:4    | Gained mutation: You have hidden genetic defects. [an orb
                  | of fire]
 78563 | Zot:4    | Gained mutation: You frequently scream uncontrollably at
                  | your foes. [an orb of fire]
 78565 | Zot:4    | Gained mutation: You are weak. (Str -2) [an orb of fire]
 78569 | Zot:4    | Gained mutation: You are very weak. (Str -4) [an orb of
                  | fire]
 78573 | Zot:4    | Killed an orb of fire
 78598 | Zot:4    | Lost mutation: You have hidden genetic defects. [potion of
                  | mutation]
 78598 | Zot:4    | Lost mutation: You are dopey. (Int -2) [potion of mutation]
 78598 | Zot:4    | Lost mutation: You frequently scream uncontrollably at your
                  | foes. [potion of mutation]
 78598 | Zot:4    | Gained mutation: You are partially covered in iridescent
                  | scales. (AC +2) [potion of mutation]
 78711 | Zot:5    | Entered Level 5 of the Realm of Zot
 79261 | Zot:5    | Reached skill level 26 in Ice Magic
 79394 | Zot:5    | Noticed an orb of fire
 79409 | Zot:5    | Killed an orb of fire
 79471 | Zot:5    | Noticed an orb of fire
 79476 | Zot:5    | Noticed an orb of fire
 79493 | Zot:5    | Gained mutation: You frequently scream uncontrollably at
                  | your foes. [an orb of fire]
 79500 | Zot:5    | Gained mutation: Your spells are a little easier to cast,
                  | but a little less powerful. [an orb of fire]
 79511 | Zot:5    | Killed an orb of fire
 79515 | Zot:5    | Killed an orb of fire
 80188 | Zot:5    | Noticed an orb of fire
 80210 | Zot:5    | Noticed a dread lich
 80210 | Zot:5    | Noticed an orb of fire
 80214 | Zot:5    | Corrupted Zot:5
 80215 | Zot:5    | Noticed an ancient lich
 80222 | Zot:5    | Killed a dread lich
 80227 | Zot:5    | Noticed an orb of fire
 80232 | Zot:5    | Noticed an orb of fire
 80232 | Zot:5    | Noticed an orb of fire
 80233 | Zot:5    | Gained mutation: Your body sometimes deteriorates upon
                  | taking damage. [an orb of fire]
 80236 | Zot:5    | Killed an orb of fire
 80241 | Zot:5    | Killed an orb of fire
 80242 | Zot:5    | Reached skill level 27 in Ice Magic
 80257 | Zot:5    | Killed an orb of fire
 80285 | Zot:5    | Killed an orb of fire
 80287 | Zot:5    | Killed an orb of fire
 80668 | Zot:5    | Gained mutation: You sometimes lose your temper in combat.
                  | [an orb of fire]
 80686 | Zot:4    | Killed an orb of fire
 80687 | Zot:4    | Lost mutation: You sometimes lose your temper in combat.
                  | [potion of mutation]
 80687 | Zot:4    | Lost mutation: You are partially covered in iridescent
                  | scales. (AC +2) [potion of mutation]
 80687 | Zot:4    | Lost mutation: You frequently scream uncontrollably at your
                  | foes. [potion of mutation]
 80828 | Zot:5    | Noticed a dread lich
 80850 | Zot:5    | Killed a dread lich
 81493 | Zot:5    | Got the Orb of Zot
 81953 | D:4      | Noticed Birroutt the pandemonium lord
 81974 | D:3      | Corrupted D:3
 82049 | D:3      | Escaped the Abyss
 82095 | D:$      | Escaped with the Orb!

Illustrated notes

Levels and vault maps discovered:
D:1:      dpeg_chamrin_arrival_tetris, layout_basic,
          shapermc_ecumenical_altar_gd, minmay_tall_x
D:2:      layout_rooms, serial_co_window_serial, co_window_paths_b,
          co_window_of_opportunity_a, co_window_of_opportunity_a,
          co_window_paths_a, co_window_cross_1, co_window_paths_a,
          co_window_corner_a, co_window_2corner, co_window_cross_3,
          co_window_broadway_b, co_window_unsneaky_path_d, co_window_corner_b,
          co_window_paths_c, glass_columns_c, glass_columns_b, glass_columns_b,
          glass_columns_b
D:3:      layout_basic, mainiacjoe_overflow_catch_the_wave,
          minmay_misc_feat_plants, nicolae_elevator_lobby_plus, uniq_natasha
D:4:      layout_basic, minmay_temple_entry_trees,
          gammafunk_ghost_abyssal_escape, serial_shops, nicolae_square_shop,
          shop, nicolae_shop_hallway_plus, nicolae_shop_statue_plus,
          minivault_24, minmay_tree_intersection, uniq_ijyb
D:5:      layout_rooms, serial_shops, nicolae_shop_hallway_stairs,
          chequers_serial_rivers_marsh
D:6:      layout_rooms, uniq_menkaure, uniq_duvessa, uniq_edmund
D:7:      layout_loops_corners, enter_bailey_3, st_stairs_7
D:8:      layout_rooms, erik_lair_island, uniq_pikel, uniq_maggie, uniq_joseph
D:9:      layout_loops_ring, nzn_hepliaklqana_mist_gate, zombieorc1_lemuel,
          uniq_psyche, uniq_maurice, uniq_prince_ribbit1
D:10:     layout_basic, nicolae_shop_self_help
D:11:     lemuel_castle_with_subvaults [lemuel_castle_interior_carwin_1],
          layout_irregular_city
D:12:     layout_rooms, serial_rivers, chequers_serial_rivers_large_b,
          chequers_serial_rivers_micro_c, chequers_serial_rivers_micro_d,
          chequers_serial_rivers_micro_b, chequers_serial_rivers_small_a,
          chequers_serial_rivers_micro_c
D:13:     minmay_coctagon, layout_loops_ring, david_vaults_1, uniq_nessos
D:14:     layout_long_grid, minmay_misc_feat_more_columns,
          minmay_shattered_shrine
D:15:     hangedman_depths_entry_try_elsewhere_first, layout_basic,
          hangedman_decor_clover_reticule
Temple:   hellmonk_temple_divided_pantheon
Lair:1:   layout_small_grid
Lair:2:   gammafunk_cloud_chamber, layout_chaotic_city,
          nicolae_swamp_entry_splash_gauntlet, nicolae_spider_entry_non_spiders,
          cheibrodos_lair_caveside_slide, hibernation_bobbens
Lair:3:   layout_regular_city, maelrawn_ghost_gauntlet_escape, uniq_amaemon
Lair:4:   layout_small_grid, dpeg_slime_entry_enclosed, ebering_ghost_xom,
          gauntlet_entry_generic, lemuel_fruit_fields
Lair:5:   gammafunk_lair_ancient_temple, layout_long_grid,
          nicolae_lair_lindhole, uniq_josephine
Swamp:1:  layout_basic_swamp, gammafunk_ghost_mausoleum, nicolae_swamp_bean_lake
Swamp:2:  nicolae_swamp_ascending_descending_big, layout_falls_marsh,
          evilmike_swamp_ruin_house_1
Swamp:3:  layout_basic_swamp, evilmike_swamp_ruin_house_6
Swamp:4:  swamp, layout_basic_swamp, swamp_pool5, nicolae_swamp_hydra_murder_den
Spider:1: layout_spider_delve
Spider:2: layout_chambers, hellmonk_motheaten_closet
Spider:3: nicolae_spider_hilbert_zone_4 [nicolae_spider_hilbert_4_sides_2_open,
          nicolae_spider_hilbert_4_sides_1_open,
          nicolae_spider_hilbert_4_sides_1_open,
          nicolae_spider_hilbert_4_sides_1_open,
          nicolae_spider_hilbert_4_sides_1_open,
          nicolae_spider_hilbert_2_sides_1_open,
          nicolae_spider_hilbert_2_sides_1_open,
          nicolae_spider_hilbert_2_sides_1_open,
          nicolae_spider_hilbert_2_sides_1_open,
          nicolae_spider_hilbert_6_sides_1_open,
          nicolae_spider_hilbert_6_sides_1_open,
          nicolae_spider_hilbert_3_sides_1_open,
          nicolae_spider_hilbert_3_sides_1_open], special_room
          [special_room_bee]
Spider:4: grunt_spider_rune_circles, nicolae_spider_bzzzt,
          hangedman_spider_tarantella_strand
Orc:1:    layout_caves, minmay_orc_keep
Orc:2:    pubby_orc_utopia
Elf:1:    eino_elf_arrival_sip, layout_loops_corners, mu_enter_wizlab_4,
          minmay_elf_demonology, grunt_ministairs_5, uniq_nikola
Elf:2:    nicolae_elf_blades_splatter_lattice [nicolae_blade_tridents],
          layout_rooms, nicolae_trove_entry_crossroad
Elf:3:    elf_hall_gauntlet_narrow, layout_geoelf_castle
Vaults:1: v_misc_29, v_misc_13, hangedman_vaults_nodes,
          ontoclasm_vaults_ring_large, nicolae_vaults_display_case,
          grunt_vaults_twisty, vaults_mumra_chevron,
          vaults_standard_mumra_enter_the_diamond,
          nicolae_vaults_yaktaur_gun_rack, hangedman_vaults_stitches,
          nicolae_vaults_little_squares_4, ontoclasm_vaults_shuriken,
          grunt_vaults_bifocal, layout_vaults_maze_bifur, serial_shops,
          bzr_entry_dummy
Vaults:2: dpeg_vaults_monster_box, st_hourglassy, vaults_dpeg_emergency_exit,
          vaults_room_corners, minmay_crypt_entry_simple_round,
          hangedman_vaults_slice, nicolae_vaults_asterisk,
          vaults_room_door_hall, v_misc_13, ontoclasm_vaults_misaligned,
          vaults_mumra_hexcomb, nicolae_vaults_theta, vaults_room_pools,
          v_misc_15, nicolae_vaults_circle_grid_b, nicolae_vaults_network_star,
          nicolae_vaults_little_squares_5, grunt_vaults_hallway_long,
          layout_vaults_omnicross, uniq_bai_suzhen
Vaults:3: nicolae_vaults_windows_and_doors_thing,
          nicolae_vaults_fighting_squares, vaults_dpeg_diagonal,
          nicolae_vaults_specimen_jars, ontoclasm_vaults_ligature,
          hangedman_vaults_cutoff, v_misc_5, hangedman_vaults_restitches,
          vaults_dpeg_ring, nicolae_vaults_little_squares_6,
          nicolae_vaults_what_the_h, nicolae_vaults_circle_grid_a,
          vaults_room_fours, layout_vaults_ring, serial_shops,
          nicolae_shop_trees
Vaults:4: hangedman_vaults_slice, nicolae_vaults_back_hallway,
          vaults_standard_mumra_lines, ontoclasm_vaults_ring_square,
          ontoclasm_vaults_ring_square, grunt_vaults_funnel, v_misc_1,
          nicolae_vaults_meeting, v_misc_17, nicolae_vaults_big_angled_halls,
          v_misc_17, layout_vaults_omnibox, serial_shops, shop_coins
Vaults:5: uniq_margery
Crypt:1:  layout_chaotic_city, grunt_crypt_arrival_webbed, uniq_jory
Crypt:2:  layout_regular_city, lemuel_upstairs_altar, grunt_megastairs_2
Crypt:3:  cryptofortress_bobbens, uniq_sojobo, uniq_mennas
Depths:1: layout_roguey [special_room_jelly], enter_ziggurat_c,
          abyss_entry_crystal, pf_dread_powers_of_hell, minmay_hedge_maze,
          minmay_fractal_squares_gapless_7, serial_bayou_shore_b
Depths:2: minmay_the_grid_octo_tiled_octocenter
          [minmay_the_grid_octo_thin_diamonds,
          minmay_the_grid_octo_tetromino_candy, minmay_the_grid_octo_concentric,
          minmay_the_grid_octo_shrine,
          minmay_the_grid_octo_prize_square_snowflake,
          minmay_the_grid_square_5x5_inset,
          minmay_the_grid_square_5x5_two_walls_b,
          minmay_the_grid_square_5x5_fat_x,
          minmay_the_grid_square_5x5_spiral_small], layout_basic, hell_entry,
          pan_entry
Depths:3: pf_snail_temple, layout_cave_shapes, hell_entry, abyss_entry,
          corexii_leaking_fountain, uniq_parghit, uniq_vv, uniq_enchantress,
          uniq_mara
Depths:4: evilmike_zot_entry_gauntlet, layout_gridlike, hangedman_coc_ice_floe,
          abyss_entry, serial_bayou_lagoon_a, nicolae_shop_sticking_my_neck_out,
          serial_bayou_shore_b
Zot:1:    grunt_twist_and_shout, layout_onion_interference, grunt_ministairs_12,
          st_stairs_6
Zot:2:    layout_gridville, nicolae_diode_intersection
Zot:3:    layout_onion_interference, grunt_ministairs_8
Zot:4:    layout_misc_corridors
Zot:5:    layout_cellular_growth

Skill      XL: |  1  2  3  4  5  6  7  8  9 10 11 12 13 14 15 16 17 18 19 20 21 22 23 24 25 26 27 |
---------------+----------------------------------------------------------------------------------+-----
Ice Magic      | 5 6 7 8 9 11 12 13 14 15 16 17 18 19 23 27 | 27.0
Spellcasting   | 3 4 5 6 7 8 9 10 11 12 13 | 13.5
Dodging        | 3 4 5 7 8 9 10 11 12 13 14 15 16 17 18 19 20 21 | 21.1
Fighting       | 1 2 3 5 6 7 8 9 11 12 14 15 16 17 18 19 20 | 20.3
Invocations    | 1 3 4 6 7 8 9 10 11 12 13 | 13.2
Conjurations   | 1 3 4 5 6 7 8 9 10 | 10.7
Air Magic      | 2 3 4 5 6 7 |  7.0
Shields        | 2 5 7 8 10 11 12 14 15 16 17 | 17.6
Transmutations | 2 6 8 9 11 12 13 14 15 16 17 18 | 18.1
Necromancy     | 1 3 4 |  4.2
Staves         | 3 4 6 |  6.6
Hexes          | 3 5 6 8 9 10 11 | 11.4
Long Blades    | 2 7 10 13 14 16 17 18 | 18.3
Translocations | 2 6 |  6.3
Stealth        | |  2.1

Action                   |  1- 3 |  4- 6 |  7- 9 | 10-12 | 13-15 | 16-18 | 19-21 | 22-24 | 25-27 || total
-------------------------+-------+-------+-------+-------+-------+-------+-------+-------+-------++-------
Melee: Short sword       |    32 |     6 |       |       |       |       |       |       |       ||    38
       Hand axe          |       |     7 |       |       |       |       |       |       |       ||     7
       Staff             |       |    19 |    84 |   178 |   355 |   413 |    56 |       |       ||  1105
       Punch             |       |     1 |     1 |     2 |       |       |       |       |       ||     4
       Spear             |       |       |    12 |       |       |   362 |   481 |       |       ||   855
       Long sword        |       |       |       |       |       |       |   800 |  1144 |   172 ||  2116
       Double sword      |       |       |       |       |       |       |       |       |   901 ||   901
 Cast: Freeze            |    64 |    54 |    29 |    23 |     8 |     3 |       |       |       ||   181
       Frozen Ramparts   |     1 |    11 |    35 |    44 |    28 |     4 |    25 |     3 |     2 ||   153
       Ozocubu's Armour  |     1 |     8 |    19 |    27 |    58 |    74 |    78 |    68 |    48 ||   381
       Hailstorm         |       |       |    17 |    46 |    50 |    64 |    35 |    13 |     8 ||   233
       Freezing Cloud    |       |       |       |    44 |    97 |   122 |    57 |    32 |    58 ||   410
       Irradiate         |       |       |       |       |    13 |    68 |   107 |    52 |    46 ||   286
       Blink             |       |       |       |       |     2 |     2 |    11 |     5 |     5 ||    25
       Simulacrum        |       |       |       |       |     1 |     2 |       |     8 |    13 ||    24
       Swiftness         |       |       |       |       |       |     1 |     3 |     3 |     7 ||    14
       Wereblood         |       |       |       |       |       |     9 |    25 |     8 |     8 ||    50
       Yara's Violent Un |       |       |       |       |       |       |    24 |    20 |    14 ||    58
       Ozocubu's Refrige |       |       |       |       |       |       |    14 |    81 |    97 ||   192
       Metabolic Englaci |       |       |       |       |       |       |       |       |     7 ||     7
       Apportation       |       |       |       |       |       |       |       |       |     4 ||     4
Invok: Upheaval          |       |       |       |     2 |     4 |     1 |     1 |       |       ||     8
       Elemental Force   |       |       |       |       |     1 |       |       |       |       ||     1
       Depart the Abyss  |       |       |       |       |       |       |     1 |       |     1 ||     2
       Bend Space        |       |       |       |       |       |       |     1 |     1 |     5 ||     7
       Banish            |       |       |       |       |       |       |       |     1 |     1 ||     2
       Corrupt           |       |       |       |       |       |       |       |       |     4 ||     4
       Enter the Abyss   |       |       |       |       |       |       |       |       |     1 ||     1
Evoke: Wand              |       |       |     1 |     4 |    23 |     7 |     7 |     5 |     5 ||    52
       Phantom mirror    |       |       |       |       |     1 |       |     1 |       |     3 ||     5
  Use: Scroll            |       |     1 |     5 |     3 |    17 |     8 |    23 |     4 |    27 ||    88
       Potion            |       |       |       |       |       |     1 |    25 |    14 |    28 ||    68
 Stab: Sleeping          |     1 |       |     1 |       |       |       |     2 |       |     1 ||     5
       Invisible         |       |       |       |       |       |       |     2 |     5 |       ||     7
       Petrified         |       |       |       |       |       |       |     2 |       |       ||     2
       Petrifying        |       |       |       |       |       |       |     1 |       |       ||     1
       Distracted        |       |       |       |       |       |       |     1 |    28 |     6 ||    35
Armor: Robe              |    19 |    23 |    26 |    44 |    76 |   159 |   208 |       |       ||   555
       Scale mail        |       |       |       |       |       |       |       |    89 |    84 ||   173
Dodge: Dodged            |    50 |    42 |   106 |   183 |   280 |   581 |   947 |   312 |   393 ||  2894
       Repelled          |       |       |       |     1 |     7 |     7 |    11 |       |       ||    26
Block: Other             |       |       |     7 |    46 |       |       |       |       |       ||    53
       Kite shield       |       |       |       |    55 |   579 |  1223 |  1939 |  1053 |  1135 ||  5984
       Reflection        |       |       |       |       |       |       |    33 |    44 |    30 ||   107
       Rpst.: Long sword |       |       |       |       |       |       |   368 |   390 |    54 ||   812
       Double sword      |       |       |       |       |       |       |       |       |   324 ||   324
